 Dungeon Crawl Stone Soup version 0.29.1-2-gbd0b4ee654 (webtiles) character file.

Game seed: 10522163412487456651

49 DildoBatman the Conjurer (level 4, 0/30 HPs)
             Began as a Formicid Conjurer on Nov 10, 2022.
             Slain by a water moccasin (1 damage)
             ... on level 6 of the Dungeon.
             The game lasted 00:02:36 (1209 turns).

DildoBatman the Conjurer (Formicid Conjurer)        Turns: 1209, Time: 00:02:37

Health: 0/30       AC:  2    Str: 12    XL:     4   Next: 2%
Magic:  5/7        EV: 12    Int: 17    God:
Gold:   20         SH:  0    Dex: 14    Spells: 4/7 levels left

rFire   . . .      SeeInvis +   a - +0 dagger (elec)
rCold   . . .      Faith    .   (no shield)
rNeg    . . .      Spirit   .   c - +0 robe
rPois   .          Reflect  .   (helmet unavailable)
rElec   .          Harm     .   (no cloak)
rCorr   .          Rampage  .   (no gloves)
Will    .....                   (no boots)
Stlth   ++........              (no amulet)
HPRegen 0.10/turn               (no ring)
MPRegen 0.10/turn               (no ring)

@: lethally poisoned (0 -> -8)
A: permanent stasis, dig shafts and tunnels, antennae 3, four strong arms
a: Dig, Shaft Self


You were on level 6 of the Dungeon.
You visited 1 branch of the dungeon, and saw 4 of its levels.

You collected 20 gold pieces.

Inventory:

Hand Weapons
 a - a +0 dagger of electrocution (weapon)
Missiles
 d - 15 stones (quivered)
 l - 2 boomerangs
 m - 5 poisoned darts
Armour
 c - a +0 robe (worn)
Wands
 e - a wand of charming (7)
Scrolls
 g - a scroll of enchant weapon {unknown}
 i - a scroll of blinking {unknown}
 n - a scroll of amnesia {unknown}
Potions
 b - a potion of magic
 f - a potion of mutation {unknown}
 h - a potion of degeneration {unknown}
 j - a potion of brilliance {unknown}
 k - a potion of curing {unknown}
 o - a potion of attraction {unknown}


   Skills:
 - Level 1.7 Dodging
 - Level 2.4 Stealth
 - Level 2.1 Spellcasting
 * Level 4.8 Conjurations


You had 4 spell levels left.
You knew the following spells:

 Your Spells              Type           Power      Damage    Failure   Level
a - Searing Ray           Conj           36%        2d5       3%          2
c - Magic Dart            Conj           72%        1d6       2%          1

Your spell library contained the following spells:

 Spells                   Type           Power      Damage    Failure   Level
 Dazzling Flash           Conj/Hex       20%        N/A       22%         3
 Fulminant Prism          Conj/Hex       5%         3d7       56%         4
 Iskenderun's Mystic Bla  Conj/Tloc      10%        2d4       56%         4
 Fireball                 Conj/Fire      5%         3d5       89%         5
 Starburst                Conj/Fire      5%         6d4       100%        6
 Ignition                 Fire           0%         3d3       100%        8


Dungeon Overview and Level Annotations

Branches:
Dungeon (2/15)

Altars:


Innate Abilities, Weirdness & Mutations

You cannot be hasted, slowed, berserked, paralysed or teleported.
You can dig through walls and to a lower floor.
You have a pair of large antennae on your head. (SInv)
Your four strong arms can wield two-handed weapons with a shield.


Message History

The water moccasin bites you but does no damage.
What are your orders? t - Shout!
Orders for allies: a - Attack new target. r - Retreat! s - Stop attacking. g - Guard the area. f - Follow me.
Anything else - Cancel.
You shout for attention!
The water moccasin bites you. The water moccasin bites you!
What are your orders? t - Shout!
Orders for allies: a - Attack new target. r - Retreat! s - Stop attacking. g - Guard the area. f - Follow me.
Anything else - Cancel.
You shout for attention!
The water moccasin bites you!
You are lethally poisoned!
The water moccasin poisons you! What are your orders? t - Shout!
Orders for allies: a - Attack new target. r - Retreat! s - Stop attacking. g - Guard the area. f - Follow me.
Anything else - Cancel.
You shout for attention!
You feel very sick.
The water moccasin bites you but does no damage.
The water moccasin barely misses you. What are your orders? t - Shout!
Orders for allies: a - Attack new target. r - Retreat! s - Stop attacking. g - Guard the area. f - Follow me.
Anything else - Cancel.
You shout for attention!
You feel very sick. The water moccasin bites you.
You die...

#.. #..
#..## ##....
##.....
....... ##
.......##..#
#.S@.#
##..## #..#
..## #.. #..
... ..##


You could see a water moccasin.

Vanquished Creatures
  An adder (D:2)
  A worm (D:2)
  4 dart slugs
  4 bats (D:1)
  4 endoplasms (D:1)
  2 hobgoblins (D:1)
  A kobold (D:1)
  2 ball pythons (D:1)
  2 frilled lizards
  4 goblins
  3 rats (D:1)
28 creatures vanquished.

Notes
Turn   | Place    | Note
-------+----------+-------------------------------------------
     0 | D:1      | DildoBatman the Formicid Conjurer began the quest for the
                  | Orb.
     0 | D:1      | Reached XP level 1. HP: 13/13 MP: 3/3
   182 | D:1      | Reached XP level 2. HP: 19/19 MP: 3/5
   185 | D:1      | Learned a level 2 spell: Searing Ray
   210 | D:1      | Reached skill level 4 in Conjurations
   543 | D:1      | Reached XP level 3. HP: 17/24 MP: 4/6
  1170 | D:2      | Found a faded altar of an unknown god.
  1183 | D:2      | Got Plato's Exposition on Concussion
  1193 | D:2      | Reached XP level 4. HP: 27/30 MP: 3/7
  1195 | D:2      | You fall into a shaft and drop 1 floor!
  1198 | D:3      | You fall into a shaft and drop 3 floors!
  1200 | D:6      | Noticed a water moccasin
  1209 | D:6      | HP: 1/30 [poisoned by a water moccasin]
  1209 | D:6      | Slain by a water moccasin

Illustrated notes

Levels and vault maps discovered:
D:1:      sevenhm_arrival_forest_fort_small_5, layout_basic
D:2:      layout_basic, shapermc_ecumenical_altar_rom_forum, serial_rivers,
          chequers_serial_rivers_room_b, chequers_serial_rivers_room_b,
          chequers_serial_rivers_room_a, chequers_serial_rivers_micro_c
D:3:      layout_loops_ring, jmf_multi_god_temple2,
          hangedman_abyss_or_decor_lesser_grid, st_stairs_12, uniq_sigmund
D:6:      layout_layer_cave, minmay_temple_entry_junction

Skill      XL: |  1  2 |
---------------+-------+-----
Conjurations   | 4 |  4.8
Dodging        | |  1.7
Stealth        | |  2.4
Spellcasting   | |  2.1

Action                   |  1- 3 |  4- 6 || total
-------------------------+-------+-------++-------
Melee: Dagger            |    13 |       ||    13
       Falchion          |    13 |       ||    13
Throw: Stone             |     1 |       ||     1
 Cast: Magic Dart        |    19 |       ||    19
       Searing Ray       |     9 |       ||     9
 Abil: Shaft Self        |       |     2 ||     2
 Stab: Sleeping          |     1 |       ||     1
Armor: Robe              |     8 |     2 ||    10
Dodge: Dodged            |    22 |     1 ||    23
